AoeStats
← droidebhz

Arena

509239421Analyzed
4v4 RM · 5d ago on Sep 26, 2026· 75m 57s· 8 players
Game mode
Random Map
Map size
Large (8 player)
Population
200
Speed
Normal
Resources
Standard
Victory
Conquest
Starting age
Dark Age
Ending age
Imperial Age
RankedLock teamsTeams togetherTeam positionsShared explorationLock speedFull tech treeHidden civsTurbo modeCheats
Victory
Defeat
🇨🇳 Goths · China
859
+6
🇺🇸 Teutons · United States
764
+9
🇺🇸 Khmer · United States
718
+11
🇨🇴 Italians · Colombia
463
+20
🇵🇱 Vikings · Poland
663
-14
🇧🇷 Byzantines · Brazil
648
-13
🇦🇷 Britons · Argentina
641
-13
🇧🇷 Chinese · Brazil
439
-6
droidebhz
10:14 Loom
13:22 Feudal Age
16:13 Wheelbarrow
19:55 Castle Age
18:45 Horse Collar
19:10 Double-Bit Axe
22:11 Hand Cart
22:39 Heavy Plow
22:54 Bow Saw
29:10 Gold Mining
30:33 Pikeman
31:15 Squires
31:00 Arson
36:34 Gold Shaft Mining
35:54 Stone Mining
38:40 Imperial Age
37:44 Forging
37:35 Scale Mail Armor
37:40 Scale Barding Armor
37:20 Treadmill Crane
37:36 Murder Holes
37:52 Fortified Wall
38:03 Ballistics
40:52 Conscription
40:23 Elite Cataphract
41:15 Logistica
41:39 Conscription
42:49 Chemistry
54:51 Iron Casting
54:32 Chain Mail Armor
54:37 Chain Barding Armor
55:13 Capped Ram
56:19 Siege Ram
65:02 Halberdier
68:43 Two-Man Saw
71:20 Elite Skirmisher
pvccarvalho
0:52 Loom
13:12 Feudal Age
13:47 Horse Collar
13:58 Double-Bit Axe
15:00 Wheelbarrow
14:13 Town Watch
15:47 Stone Mining
15:31 Man-at-Arms
21:08 Fletching
22:46 Padded Archer Armor
30:24 Castle Age
30:17 Bloodlines
30:23 Forging
30:14 Scale Mail Armor
30:34 Gold Mining
30:57 Scale Barding Armor
30:40 Arson
30:28 Light Cavalry
31:08 Husbandry
30:31 Elite Skirmisher
31:58 Leather Archer Armor
31:52 Crossbowman
35:12 Heavy Plow
35:32 Thumb Ring
34:53 Long Swordsman
35:36 Squires
34:58 Pikeman
36:19 Murder Holes
36:16 Guard Tower
38:53 Hand Cart
pablo5129785
13:57 Feudal Age
15:45 Wheelbarrow
15:56 Double-Bit Axe
19:16 Gold Mining
20:21 Town Watch
20:47 Horse Collar
22:37 Loom
23:44 Stone Mining
24:21 Forging
24:21 Fletching
27:14 Castle Age
24:49 Man-at-Arms
25:37 Scale Mail Armor
26:57 Scale Barding Armor
27:08 Arson
28:09 Bow Saw
29:15 Caravan
29:30 Gambesons
31:36 Pikeman
32:18 Squires
31:40 Elite Skirmisher
32:28 Padded Archer Armor
32:59 Bodkin Arrow
34:50 Iron Casting
35:51 Leather Archer Armor
37:05 Gold Shaft Mining
37:34 Chain Mail Armor
37:22 Long Swordsman
41:02 Heavy Plow
41:23 Hand Cart
42:40 Ballistics
42:31 Fortified Wall
42:27 Town Patrol
42:40 Husbandry
42:55 Crossbowman
43:40 Light Cavalry
44:44 Murder Holes
46:12 Yeomen
jagermesiter
2:43 Loom
11:38 Feudal Age
14:09 Double-Bit Axe
15:33 Man-at-Arms
20:14 Castle Age
19:37 Forging
19:56 Scale Mail Armor
20:24 Horse Collar
21:37 Squires
24:27 Gold Mining
24:32 Stone Mining
31:25 Imperial Age
31:49 Iron Casting
33:41 Elite Varangian Guard
34:50 Chain Mail Armor
36:26 Blast Furnace
37:29 Chieftains
39:18 Plate Mail Armor
Lizzie Borden
13:03 Feudal Age
17:09 Castle Age
15:09 Horse Collar
15:49 Double-Bit Axe
17:34 Loom
17:35 Town Watch
18:55 Wheelbarrow
21:59 Bow Saw
24:55 Gold Mining
24:57 Stone Mining
25:28 Heavy Plow
26:57 Stone Shaft Mining
27:00 Gold Shaft Mining
28:13 Ballistics
27:49 Murder Holes
28:05 Fortified Wall
28:22 Fletching
31:46 Caravan
35:07 Imperial Age
33:39 Bodkin Arrow
36:27 Hand Cart
36:17 Town Patrol
38:04 Double Crossbow
38:42 Hoardings
39:47 Chemistry
40:19 Heavy Scorpion
.:sTeeL:.
1:54 Loom
2:16 Loom
11:49 Feudal Age
12:21 Horse Collar
12:32 Double-Bit Axe
13:26 Wheelbarrow
12:56 Gold Mining
13:11 Stone Mining
19:29 Castle Age
20:05 Forging
19:45 Fletching
20:31 Hand Cart
20:18 Heavy Plow
20:31 Bow Saw
21:00 Stone Shaft Mining
22:12 Squires
24:59 Bodkin Arrow
31:41 Imperial Age
30:32 Ballistics
30:24 Fortified Wall
30:25 Masonry
30:55 Iron Casting
34:13 Chemistry
34:13 Conscription
34:36 Guilds
34:51 Crenellations
36:03 Blast Furnace
35:44 Siege Engineers
35:48 Scale Barding Armor
35:45 Scale Mail Armor
35:46 Padded Archer Armor
36:31 Elite Teutonic Knight
38:48 Crop Rotation
41:31 Two-Man Saw
44:06 Hoardings
44:47 Ironclad
44:04 Sappers
45:04 Bombard Tower
44:33 Arrowslits
jeison3283
12:02 Feudal Age
12:28 Double-Bit Axe
14:28 Loom
17:30 Castle Age
19:52 Horse Collar
20:25 Bow Saw
27:26 Padded Archer Armor
31:01 Heavy Plow
32:50 Wheelbarrow
33:02 Wheelbarrow
32:48 Leather Archer Armor
32:46 Stone Mining
32:46 Gold Mining
32:55 Gold Mining
35:27 Stone Shaft Mining
36:42 Hand Cart
38:13 Pikeman
38:54 Squires
38:39 Arson
38:42 Elite Skirmisher
44:13 Imperial Age
48:02 Chemistry
47:23 Ballistics
46:53 Guard Tower
47:17 Pirotechnia
47:27 Silk Road
46:28 Elite Genoese Crossbowman
48:52 Scale Barding Armor
48:47 Scale Mail Armor
48:58 Forging
48:39 Fletching
49:19 Ring Archer Armor
52:11 Keep
52:54 Chain Barding Armor
52:50 Chain Mail Armor
52:31 Bodkin Arrow
53:13 Iron Casting
54:02 Crop Rotation
60:59 Plate Barding Armor
60:54 Plate Mail Armor
61:25 Blast Furnace
60:25 Bracer
826477292
0:51 Loom
12:25 Feudal Age
14:56 Double-Bit Axe
14:54 Horse Collar
15:06 Stone Mining
15:08 Gold Mining
17:44 Castle Age
16:34 Stone Mining
19:05 Bow Saw
20:39 Stone Shaft Mining
20:38 Heavy Plow
30:10 Wheelbarrow
31:15 Hand Cart
34:48 Imperial Age
34:07 Anarchy
35:46 Perfusion
35:14 Elite Huskarl
35:44 Pikeman
36:25 Squires
36:18 Man-at-Arms
36:19 Halberdier
48:35 Husbandry
51:36 Light Cavalry
52:27 Bloodlines
51:38 Cavalier
53:01 Crop Rotation
53:36 Two-Man Saw
52:39 Hussar
54:23 Scale Barding Armor
54:29 Forging
Connection lost

Rejoining the realm…

Still unreachable

The connection could not be restored.

Session expired

The server has moved on; the page needs a fresh start.